 Dungeon Crawl Stone Soup version 0.31-a0-845-g9abc20d24f (webtiles) character file.

Game seed: 11153942786036868455

70 Kurtz the Chopper (level 4, -9/31 HPs)
             Began as an Octopode Fighter on Oct 1, 2023.
             Killed from afar by Ijyb (19 damage)
             ... with a bolt of acid
             ... on level 3 of the Dungeon.
             The game lasted 00:00:50 (1741 turns).

Kurtz the Chopper (Octopode Fighter)                Turns: 1741, Time: 00:00:50

Health: -9/31      AC:  1    Str: 15    XL:     4   Next: 21%
Magic:  4/4        EV: 13    Int: 10    God:
Gold:   92         SH:  4    Dex: 13    Spells: 3/3 levels left

rFire   . . .        a - +0 war axe
rCold   . . .        b - +0 buckler
rNeg    . . .        (helmet restricted)
rPois   .            (no amulet)
rElec   .            (no ring)
rCorr   .            (no ring)
SInv    .            (no ring)
Will    .....        (no ring)
Stlth   ++           (no ring)
HPRegen 0.25/turn    (no ring)
MPRegen 0.09/turn    (no ring)
                     (no ring)

%: no passive effects
@: mighty
A: almost no armour, amphibious, 8 rings, camouflage 1, gelatinous body 1,
(nimble swimmer 1), tentacles
a: no special abilities


You were on level 3 of the Dungeon.
You visited 1 branch of the dungeon, and saw 3 of its levels.

You collected 92 gold pieces.

Inventory:

Hand Weapons
 a - a +0 war axe (weapon)
Missiles
 g - 6 poisoned darts
Armour
 b - a +0 buckler (worn)
Jewellery
 k - a +6 ring of strength
Scrolls
 d - 3 scrolls of teleportation {unknown}
 e - a scroll of blinking {unknown}
 f - a scroll of enchant weapon {unknown}
 h - a scroll of noise {unknown}
 l - a scroll of revelation {unknown}
Potions
 c - a potion of might
 i - a potion of invisibility {unknown}
 j - a potion of brilliance {unknown}


   Skills:
 - Level 3.0 Fighting
 * Level 4.3 Axes
 - Level 3.0 Dodging
 - Level 3.0 Shields


You had 3 spell levels left.
You didn't know any spells.
Your spell library was empty.

Dungeon Overview and Level Annotations

Branches:
Dungeon (3/15)

Altars:

Annotations:
D:3 Ijyb, Jessica


Innate Abilities, Weirdness & Mutations

You cannot wear most types of armour.
You are amphibious.
You can wear up to eight rings at the same time.
Your skin changes colour to match your surroundings (Stealth+).
Your rubbery body absorbs attacks. (AC +1, EV +1)
((You are camouflaged when in or above water. (Stealth+)))
You have tentacles for arms and can constrict up to eight enemies at once.


Message History

The helpless hobgoblin fails to defend itself.
You hit the hobgoblin but do no damage. You grab the hobgoblin.
You squeeze the hobgoblin.
You kill the hobgoblin!
A giant cockroach is nearby!
Found a robe.
Ijyb the Twisted Goblin comes into view.
She is wielding a +0 dagger and carrying a wand of acid.
There are monsters nearby!
There are monsters nearby!
You completely miss the giant cockroach.
You grab the giant cockroach.
Your squeeze misses the giant cockroach.
You constrict the giant cockroach. The giant cockroach barely misses you.
You block the giant cockroach's attack.
There are monsters nearby!
You completely miss the giant cockroach.
You constrict the giant cockroach. The giant cockroach misses you.
The giant cockroach bites you but does no damage.
There are monsters nearby!
You hit the giant cockroach.
You kill the giant cockroach!
Ijyb is nearby!
Ijyb shouts!
You see here a giant cockroach corpse.
Ijyb screams, "Level is mine!
All mine!"
Found a stone staircase leading down.
Ijyb zaps a wand.
The bolt of acid hits you!!
Ouch! That really hurt!
Jessica the Apprentice Sorceress comes into view.
She is wielding a +0 club.
You are too injured to fight recklessly!
You are too injured to fight recklessly!
Unknown command.
You feel very mighty all of a sudden.
Jessica shouts!
You hear a shout!
Ijyb completely misses you.
You hit Ijyb. Your grab misses Ijyb.
Ijyb is lightly wounded.
Ijyb zaps a wand.
The bolt of acid hits you!!
Ouch! That really hurt!
You die...

.. ... ..@ +# .. §≈≈.
.#.. ..≈.####.#.......#
#.§..............##
#.≈.[....#.........
#.≈....g.#.........
..≈....@.#...?.....
#.≈.....##.........
..≈....†....†......
≈≈≈..###....############
....# #.............†..
##.> #....###########)
## ####....##.....# #.
........##.###.# #.
###.....##.#...####.


You could see Ijyb and Jessica.

Vanquished Creatures
  An adder (D:2)
  A worm (D:2)
  A dart slug (D:1)
  6 ball pythons
  6 bats
  3 endoplasms (D:1)
  4 giant cockroaches
  3 goblins (D:1)
  6 hobgoblins
  4 jackals
  6 kobolds
  A frilled lizard (D:1)
  7 rats
49 creatures vanquished.

Notes
Turn   | Place    | Note
-------+----------+-------------------------------------------
     0 | D:1      | Kurtz the Octopode Fighter began the quest for the Orb.
     0 | D:1      | Reached XP level 1. HP: 16/16 MP: 1/1
   116 | D:1      | Reached XP level 2. HP: 21/21 MP: 2/2
   162 | D:1      | Reached skill level 3 in Axes
   428 | D:1      | Reached XP level 3. HP: 25/26 MP: 3/3
   828 | D:2      | Reached skill level 4 in Axes
   963 | D:2      | Reached XP level 4. HP: 31/31 MP: 4/4
  1732 | D:3      | Noticed Ijyb
  1739 | D:3      | Noticed Jessica
  1741 | D:3      | Killed from afar by Ijyb

Illustrated notes

Levels and vault maps discovered:
D:1:      dpeg_arrival_erosion, layout_basic
D:2:      layout_basic
D:3:      layout_basic, nicolae_ru_awakened_eye, mainiacjoe_overflow_brackets,
          minitemple, uniq_ijyb, uniq_jessica

Skill      XL: |  1  2  3 |
---------------+----------+-----
Axes           | 3 4 |  4.3
Fighting       | |  3.0
Dodging        | |  3.0
Shields        | |  3.0

Action                     |  1- 3 |  4- 6 || total
---------------------------+-------+-------++-------
  Melee: War axe           |    67 |    16 ||    83
         Constrict         |    23 |     5 ||    28
         Tentacles         |    14 |     6 ||    20
    Use: Potion            |       |     1 ||     1
   Stab: Sleeping          |     6 |     3 ||     9
         Distracted        |     1 |       ||     1
 Armour: Skin              |    22 |     6 ||    28
  Dodge: Dodged            |    54 |     9 ||    63
  Block: Buckler           |    18 |     2 ||    20

Table legend: (Time is in decaauts)
 A = Elapsed time spent in this place.
 B = Non-inter-level travel time spent in this place.
 C = Inter-level travel time spent in this place.
 D = Time resting spent in this place.
 E = Time spent auto-exploring this place.
 F = Levels seen in this place.
 G = Mean time per level.
                   A        B        C        D        E       F      G
               +--------+--------+--------+--------+--------+-----+--------+
         Total |   1770 |   1729 |     41 |      0 |   1440 |   3 |  590.0 |
       Dungeon |   1770 |   1729 |     41 |      0 |   1440 |   3 |  590.0 |
               +--------+--------+--------+--------+--------+-----+--------+

Top non-repeatable levels by time:
     D:2: 875 daAuts
     D:1: 836 daAuts
     D:3: 58 daAuts
